 Dungeon Crawl Stone Soup version 0.22.0-38-g04b72b8c25 (webtiles) character file.

296 Freyura the Skirmisher (level 6, -2/58 HPs)
             Began as a Gargoyle Fighter on Aug 29, 2018.
             Slain by an orc priest (4 damage)
             ... on level 4 of the Dungeon on Aug 30, 2018.
             The game lasted 00:10:11 (2286 turns).

Freyura the Skirmisher (Gargoyle Fighter)           Turns: 2286, Time: 00:10:13

Health: -2/58      AC: 23    Str: 20    XL:     6   Next: 34%
Magic:  6/6        EV:  2    Int:  8    God:
Gold:   120        SH:  9    Dex: 11    Spells: 5/5 levels left

rFire    . . .     SeeInvis .   a - +6 flail
rCold    . . .     Gourm    .   c - +0 shield
rNeg     + + +     Faith    .   (armour currently unavailable)
rPois    ∞         Spirit   .   (helmet currently unavailable)
rElec    .         Reflect  .   (cloak currently unavailable)
rCorr    .         Harm     .   (gloves currently unavailable)
MR       +....     NoTele   +   (boots currently unavailable)
Stlth    +.........             r - amulet of the acrobat
HPRegen  0.19/turn              m - ring of protection from magic
MPRegen  0.10/turn              (no ring)

@: tree-form
A: negative energy resistance 1, petrification resistance, rot immunity, AC +4
a: no special abilities


You were on level 4 of the Dungeon.
You were not hungry.
You were a tree.
You visited 1 branch of the dungeon, and saw 4 of its levels.

You collected 120 gold pieces.

Inventory:

Hand Weapons
 a - a +6 flail (weapon)
Armour
 c - a +0 shield (worn)
 d - a +1 helmet (melded)
 u - a +0 plate armour (melded)
Jewellery
 m - a ring of protection from magic (left branch)
 r - an amulet of the acrobat (around neck)
Scrolls
 b - 2 scrolls of identify
 g - a scroll of magic mapping
 j - a scroll of blinking
 k - 6 scrolls of remove curse
 l - 3 scrolls of teleportation
Potions
 e - a potion of mutation {unknown}
 h - a potion of berserk rage {unknown}
 o - a potion of lignification
 p - a potion of curing {unknown}
 q - 2 potions of agility {unknown}
Comestibles
 f - 5 rations


   Skills:
 + Level 4.3 Fighting
 * Level 4.2 Maces & Flails
 + Level 4.2 Armour
 + Level 1.5 Dodging
 + Level 4.2 Shields


You had 5 spell levels left.
You didn't know any spells.
Your spell library was empty.

Dungeon Overview and Level Annotations

Branches:
Dungeon (4/15)
 Temple: D:4-7

Altars:
Hepliaklqana
Nemelex Xobeh


Innate Abilities, Weirdness & Mutations

You are resistant to torment.
((Your stone body is resilient. (AC +4)))
You are immune to poison.
You resist negative energy. (rN+)
((You are resistant to electric shocks. (rElec)))
((You can survive without breathing.))
You are immune to petrification.
You are immune to rotting.


Message History

The orc priest hits you.
* * * LOW HITPOINT WARNING * * *
You closely miss the orc priest.
The orc priest is almost dead.
The orc barely misses you.
The orc priest calls down the wrath of Beogh upon you.
Beogh smites you!
* * * LOW HITPOINT WARNING * * *
You closely miss the orc priest.
The orc priest is almost dead.
You block the orc's attack. You block the orc priest's attack.
The orc hits you but does no damage.
Your shield prevents you from hitting the orc priest.
The orc priest is almost dead.
The orc wizard is no longer moving quickly.
The orc wizard gestures wildly while chanting.
The orc wizard blinks!
The orc priest hits you but does no damage.
The orc hits you but does no damage. The orc priest hits you.
You die...

.# .# #.... .# #.... .#
#.... ## #### #...#
####..#######...##
......<..#.......# .
.........#.......# .o.
.(.......#......♣#.....
.........#......ooo...(.
.........#.......#......
####'#####†..##..####.>.
####..####...##..# ..
.............).....
....................
......................
.#...#######.####..###


You could see an orc priest and 2 orcs.

Vanquished Creatures
  A jelly (D:4)
  A hound (D:4)
  2 orc priests (D:4)
  Natasha (thrice) (D:3)
  Robin (D:2)
  2 adders
  2 dart slugs
  2 leopard geckos (D:2)
  3 orcs (D:4)
  5 giant cockroaches
  17 goblins
  9 hobgoblins
  2 jackals (D:4)
  A ball python (D:2)
  4 bats
  2 frilled lizards
  2 kobolds
  5 rats
64 creatures vanquished.

Notes
Turn   | Place    | Note
-------+----------+-------------------------------------------
     0 | D:1      | Freyura the Gargoyle Fighter began the quest for the Orb.
     0 | D:1      | Reached XP level 1. HP: 14/14 MP: 1/1
   230 | D:1      | Reached XP level 2. HP: 19/19 MP: 2/2
   780 | D:2      | Reached XP level 3. HP: 22/23 MP: 3/3
   968 | D:2      | Noticed Robin
  1042 | D:2      | Killed Robin
  1310 | D:2      | Reached XP level 4. HP: 29/29 MP: 4/4
  1532 | D:3      | Found a sparkling altar of Nemelex Xobeh.
  1579 | D:3      | Noticed Natasha
  1586 | D:3      | Killed Natasha
  1693 | D:3      | Found a hazy altar of Hepliaklqana.
  1712 | D:3      | Noticed Natasha
  1732 | D:3      | Killed Natasha
  1732 | D:3      | Reached skill level 1 in Dodging
  1732 | D:3      | Reached XP level 5. HP: 26/33 MP: 5/5
  1755 | D:3      | Noticed Natasha
  1770 | D:3      | Killed Natasha
  2249 | D:4      | Reached XP level 6. HP: 36/38 MP: 6/6
  2284 | D:4      | HP: 1/58 [orc priest/divine providence (15)]
  2286 | D:4      | Slain by an orc priest

Skill      XL: |  1  2  3  4  5  6 |
---------------+-------------------+-----
Maces & Flails | 3 4 |  4.2
Fighting       | 4 |  4.3
Dodging        | 1 |  1.5
Shields        | 4 |  4.2
Armour         | 4 |  4.2

Action                   |  1- 3 |  4- 6 || total
-------------------------+-------+-------++-------
Melee: Flail             |   159 |   122 ||   281
  Use: Scroll            |     5 |     9 ||    14
       Potion            |     1 |     1 ||     2
  Eat: Ration            |     2 |       ||     2
Armor: Scale mail        |    10 |       ||    10
       Chain mail        |    97 |    42 ||   139
       Plate armour      |       |    21 ||    21
       Skin              |       |    21 ||    21
Dodge: Dodged            |    51 |    35 ||    86
Block: Shield            |    78 |    61 ||   139
